 Dungeon Crawl Stone Soup version 0.31-a0-441-g867994ef1c (webtiles) character file.

Game seed: 17913958843817305860

194 horus123 the Magician (level 5, -4/31 HPs)
             Began as a Deep Elf Gladiator on Aug 3, 2023.
             Was an Initiate of Vehumet.
             Slain by an orc priest
             ... wielding a +0 hand axe
              (5 damage)
             ... on level 4 of the Dungeon.
             The game lasted 00:05:44 (3867 turns).

horus123 the Magician (Deep Elf Gladiator)          Turns: 3867, Time: 00:05:45

Health: -4/31      AC:  7    Str: 11    XL:     5   Next: 44%
Magic:  11/13      EV: 13    Int: 15    God:    Vehumet [......]
Gold:   155        SH:  0    Dex: 16    Spells: 6/12 levels left

rFire   + + .        a - +0 rapier
rCold   + . .        (no shield)
rNeg    . . .        b - +0 leather armour
rPois   .            c - +0 helmet
rElec   .            j - scarf {rC+ rF+}
rCorr   .            (no gloves)
SInv    .            l - +2 pair of boots {Stlth+}
Will    .....        (no amulet)
Stlth   ++           p - ring of protection from fire
HPRegen 0.25/turn    (no ring)
MPRegen 0.13/turn

%: no passive effects
@: no status effects
A: no striking features
a: Renounce Religion


You were on level 4 of the Dungeon.
You worshipped Vehumet.
Vehumet was noncommittal.
You visited 1 branch of the dungeon, and saw 4 of its levels.

You collected 155 gold pieces.

Inventory:

Hand Weapons
 a - a +0 rapier (weapon)
Missiles
 d - 3 throwing nets
 e - a javelin
Armour
 b - a +0 leather armour (worn)
 c - a +0 helmet (worn)
 j - a scarf of resistance (worn)
 l - a +2 pair of boots of stealth (worn)
 n - a +0 ring mail
 t - a +0 cloak
Jewellery
 p - a ring of protection from fire (left hand)
Wands
 o - a wand of roots (6)
Scrolls
 f - a scroll of poison {unknown}
 g - a scroll of amnesia {unknown}
 h - 2 scrolls of identify {unknown}
 k - a scroll of teleportation {unknown}
 q - a scroll of acquirement {unknown}
 r - a scroll of fog {unknown}
 s - a scroll of vulnerability {unknown}
 u - a scroll of enchant weapon {unknown}
Potions
 i - 2 potions of haste {unknown}
 m - 3 potions of enlightenment {unknown}


   Skills:
 - Level 2.3 Fighting
 + Level 3.1 Short Blades
 - Level 2.0 Throwing
 - Level 3.6 Dodging
 - Level 4.0 Spellcasting
 - Level 3.0 Earth Magic
 - Level 1.7 Evocations


You had 6 spell levels left.
You knew the following spells:

 Your Spells              Type           Power      Damage    Failure   Level
a - Sandblast             Erth           24%        2d8       7%          1
b - Stone Arrow           Conj/Erth      14%        3d7       36%         3
c - Passwall              Tmut/Erth      5%         N/A       19%         2

Your spell library contained the following spells:

 Spells                   Type           Power      Damage    Failure   Level


Dungeon Overview and Level Annotations

Branches:
Dungeon (4/15)
 Temple: D:4-7

Altars:
Elyvilon
Gozag
Hepliaklqana
Kikubaaqudgha
Makhleb
Nemelex Xobeh
Qazlal
Vehumet
Xom
Zin
The Shining One

Shops:
D:2 !


Message History

a +0 dagger; a hobgoblin corpse; a hobgoblin corpse As you open the door, it creaks loudly!
There is an open door here.
Found a dagger.
You now have 144 gold pieces (gained 10).
Found a stone staircase leading down.
You now have 155 gold pieces (gained 11).
Found a stone staircase leading down.
You see here a +0 dagger.
u - a scroll labelled UKHLAR XOPECAN You open the door.
A kobold, an orc and 3 orc priests come into view.
The kobold is wielding a +0 dagger of flaming.
The orc priest shouts! x2
Found 7 gold pieces.
The blast of sand hits the orc priest.
The orc priest is moderately wounded.
The kobold shouts!
The orc priest invokes the aid of Beogh against you.
Beogh smites you!
The orc priest calls upon Beogh to heal the orc priest.
The orc priest's wounds heal themselves!
The orc priest calls down the wrath of Beogh upon you.
Pain shoots through your body!
* * * LOW HITPOINT WARNING * * *
You are too injured to fight recklessly!
You close the door.
An orc priest opens the door.
You hit the orc.
You kill the orc!
Vehumet accepts your kill.
Aiming: Sandblast (safe; 7% risk of failure)
Press: ? - help, Q - select action, (/) - cycle Shift-Dir - straight line, f/p - orc priest
Aim: an orc priest, wielding a +0 hand axe (82% to hit)
The blast of sand hits the orc priest.
The orc priest is lightly wounded.
The orc priest invokes the aid of Beogh against you.
Beogh smites you!
* * * LOW HITPOINT WARNING * * *
The orc priest hits you with a +0 hand axe.
You die... #$.......... +.......... ......... ....... .o... oK.

#o# #@# #.#
#####.##
####......#######
#...............#
.##.........#####.#
#...........## ###.
####........##.....
#.#......>..#


You could see 3 orc priests and a kobold.

Vanquished Creatures
  Crazy Yiuf (D:3)
  Robin (D:4)
  3 adders (D:2)
  3 worms (D:2)
  4 dart slugs
  4 orcs
  7 endoplasms
  3 giant cockroaches
  23 goblins
  9 hobgoblins
  3 jackals
  4 quokkas
  9 ball pythons
  3 bats (D:1)
  4 frilled lizards
  10 kobolds
  6 rats
97 creatures vanquished.

Notes
Turn   | Place    | Note
-------+----------+-------------------------------------------
     0 | D:1      | horus123 the Deep Elf Gladiator began the quest for the
                  | Orb.
     0 | D:1      | Reached XP level 1. HP: 12/12 MP: 3/3
   122 | D:1      | Reached XP level 2. HP: 15/17 MP: 4/4
   124 | D:1      | Learned a level 1 spell: Sandblast
   205 | D:1      | Reached skill level 1 in Spellcasting
   388 | D:1      | Reached skill level 2 in Spellcasting
   581 | D:1      | Reached XP level 3. HP: 22/22 MP: 8/8
   910 | D:2      | Reached skill level 1 in Earth Magic
  1367 | D:2      | Reached XP level 4. HP: 18/27 MP: 4/9
  1676 | D:2      | Found Inemalang's Distillery.
  2204 | D:3      | Reached skill level 3 in Spellcasting
  2372 | D:3      | Learned a level 3 spell: Stone Arrow
  2375 | D:3      | Learned a level 2 spell: Passwall
  2584 | D:3      | Found a runed translucent door.
  2585 | D:3      | Noticed Crazy Yiuf
  2716 | D:3      | Found a white marble altar of Elyvilon.
  2721 | D:3      | Found a stormy altar of Qazlal.
  2723 | D:3      | Found a shimmering altar of Xom.
  2723 | D:3      | Found an opulent altar of Gozag.
  2723 | D:3      | Found a sparkling altar of Nemelex Xobeh.
  2724 | D:3      | Found a radiant altar of Vehumet.
  2725 | D:3      | Found a hazy altar of Hepliaklqana.
  2729 | D:3      | Found an ancient bone altar of Kikubaaqudgha.
  2730 | D:3      | Found a glowing silver altar of Zin.
  2731 | D:3      | Found a glowing golden altar of the Shining One.
  2732 | D:3      | Found a burning altar of Makhleb.
  2737 | D:3      | Became a worshipper of Vehumet
  3203 | D:3      | Reached XP level 5. HP: 31/31 MP: 10/12
  3528 | D:3      | Killed Crazy Yiuf
  3529 | D:3      | Reached skill level 4 in Spellcasting
  3529 | D:3      | Reached skill level 1 in Evocations
  3686 | D:4      | Noticed Robin
  3782 | D:4      | Killed Robin
  3867 | D:4      | HP: 1/31 [orc priest/divine providence (7)]
  3867 | D:4      | Slain by an orc priest

Illustrated notes

Levels and vault maps discovered:
D:1:      lemuel_arrival_hallway, layout_basic, hex_tiny, minivault_11,
          minmay_close_crescents
D:2:      layout_rooms, serial_shops, nicolae_shop_window_shopping,
          palyth_stone_intersect, minmay_misc_feat_iff, grunt_ministairs_11,
          minmay_goblin_outpost
D:3:      layout_basic, minitemple, uniq_crazy_yiuf_cottage
D:4:      layout_loops_corners, uniq_robin

Skill      XL: |  1  2  3  4  5 |
---------------+----------------+-----
Fighting       | 2 |  2.3
Spellcasting   | 2 3 4 |  4.0
Earth Magic    | 2 3 |  3.0
Evocations     | 1 |  1.7
Short Blades   | |  3.1
Throwing       | |  2.0
Dodging        | |  3.6

Action                     |  1- 3 |  4- 6 || total
---------------------------+-------+-------++-------
  Melee: Rapier            |    96 |    14 ||   110
         Punch             |     3 |       ||     3
   Cast: Sandblast         |    18 |    93 ||   111
 Armour: Leather armour    |    37 |    18 ||    55
  Dodge: Dodged            |    77 |    38 ||   115

Table legend: (Time is in decaauts)
 A = Elapsed time spent in this place.
 B = Non-inter-level travel time spent in this place.
 C = Inter-level travel time spent in this place.
 D = Time resting spent in this place.
 E = Time spent auto-exploring this place.
 F = Levels seen in this place.
 G = Mean time per level.
                   A        B        C        D        E       F      G
               +--------+--------+--------+--------+--------+-----+--------+
         Total |   3927 |   3807 |    120 |    230 |   2993 |   4 |  981.8 |
       Dungeon |   3927 |   3807 |    120 |    230 |   2993 |   4 |  981.8 |
               +--------+--------+--------+--------+--------+-----+--------+

Top non-repeatable levels by time:
     D:3: 1658 daAuts
     D:2: 1265 daAuts
     D:1: 884 daAuts
     D:4: 119 daAuts
